Map: Dusk Towers

Players

xKawaiian - Winner!

  • Race: Terran Terran
  • League: Master

ABrAKaNaBrA

  • Race: Zerg Zerg
  • League: Master

VOD

Have the link to the VOD?

Description

Time

  • Played on: Jan. 13, 2016, 10:57 p.m.
  • Length: 10:08
Show
View Real Time Build Order
Export as new Build Order

xKawaiian Terran - Winner!

Build Orders: Reaper Expand, MMM Bio 

Get SALT Encoding   

  12  0:00  SCV  
  13  0:13  SCV  
  14  0:17  Supply Depot  
  14  0:25  SCV  
  15  0:39  SCV  
  15  0:40  Barracks  
  16  0:46  Refinery  
  16  0:51  SCV  
  17  1:03  SCV  
  18  1:15  SCV  
  19  1:29  Orbital Command  
  19  1:30  Reaper  
  20  1:41  Command Center  
  20  1:52  Supply Depot  
  20  1:54  SCV  
  21  2:02  Barracks Reactor  
  21  2:06  SCV  
  22  2:08  Barracks  
  22  2:18  Barracks  
  22  2:20  SCV  
  23  2:33  SCV  
  24  2:39  Marine x2  
  26  2:45  SCV  
  27  2:57  SCV, Marine x2  
  31  3:03  Barracks Tech Lab  
  31  3:05  Orbital Command  
  30  3:07  Marine  
  30  3:09  SCV  
  30  3:11  Factory  
  32  3:15  Refinery, Marine x2  
  34  3:21  SCV  
  34  3:22  Marine  
  34  3:25  Stimpack  
  36  3:30  Marine  
  36  3:33  SCV  
  38  3:35  SCV  
  38  3:38  Marine x2  
  41  3:43  Supply Depot  
  41  3:45  SCV  
  41  3:46  Marine  
  41  3:47  SCV  
  44  3:48  Marine  
  45  3:56  Factory Reactor, Starport  
  45  3:57  Marine  
  46  4:05  SCV x2, Marine  
  46  4:06  Supply Depot  
  46  4:07  Marine  
  50  4:15  Supply Depot, Marine  
  51  4:17  SCV x2  
  51  4:18  Marine  
  54  4:28  Marine  
  54  4:29  SCV  
  54  4:31  SCV  
  57  4:32  Marine  
  57  4:37  Supply Depot  
  58  4:40  Medivac x2  
  58  4:41  SCV, Marine  
  58  4:43  SCV  
  65  4:52  Marine  
  65  4:53  SCV, Marine  
  68  5:00  Supply Depot  
  68  5:01  Command Center, SCV  
  69  5:08  Engineering Bay  
  69  5:09  Engineering Bay, Marine  
  69  5:13  Marine  
  72  5:15  Factory Reactor  
  72  5:18  SCV x2  
  74  5:21  Refinery  
  74  5:23  Refinery  
  74  5:24  Marine  
  75  5:29  Combat Shields, Barracks Reactor  
  75  5:30  SCV  
  75  5:34  Marine x2  
  77  5:38  SCV  
  77  5:41  Terran Infantry Weapons Level 1, Marine  
  77  5:42  Terran Infantry Armor Level 1  
  79  5:44  SCV  
  80  5:50  SCV  
  80  5:52  Marine  
  80  5:57  Marine  
  82  5:58  Hellion  
  82  5:59  Marine  
  86  6:10  Supply Depot  
  86  6:11  Supply Depot  
  86  6:12  SCV x2, Medivac, Marine  
  86  6:14  Marine  
  86  6:17  Marine  
  86  6:18  Marine x2  
  88  6:19  Hellion  
  88  6:24  SCV  
  92  6:30  Marine, Orbital Command  
  92  6:31  Barracks  
  92  6:32  Marine  
  88  6:33  Barracks  
  88  6:35  Marine  
  88  6:36  Marine x2  
  91  6:41  Medivac  
  91  6:45  Medivac  
  95  6:48  Marine  
  95  6:50  Marine  
  95  6:52  Orbital Command  
  95  6:53  Marine, Marauder  
  98  6:55  Marine  
  98  6:56  Hellion x2  
  98  6:58  SCV  
  104  7:05  Marine  
  104  7:08  Marine  
  105  7:10  Supply Depot  
  105  7:11  Marine  
  105  7:12  Supply Depot, Marine  
  105  7:14  Marine  
  108  7:19  Armory  
  108  7:20  Barracks Reactor  
  108  7:21  Barracks Reactor  
  108  7:23  Marine  
  108  7:26  SCV x3  
  111  7:30  Marine  
  112  7:37  Marine x3  
  112  7:39  Hellion  
  112  7:41  Marine  
  116  7:47  SCV, Hellion  
  116  7:48  SCV, Marine  
  114  7:52  Medivac  
  114  7:54  SCV  
  114  7:55  Marine  
  118  8:00  Hellion  
  120  8:06  Marauder, Marine x5  
  120  8:12  SCV  
  104  8:33  Marine x2  
  104  8:34  Hellion x2  
  104  8:35  Marine, Medivac x2  
  104  8:36  Marauder, Marine  
  104  8:39  Marine x2  
  114  8:41  Command Center  
  114  8:44  Command Center  
  114  8:45  SCV  
  115  8:54  Widow Mine  
  115  8:55  SCV x2, Widow Mine  
  121  8:57  Refinery x2, Marauder  
  121  9:01  Marine x3  
  121  9:02  SCV  
  127  9:05  Medivac  
  127  9:07  SCV x2  
  127  9:08  Missile Turret  
  131  9:10  Missile Turret  
  131  9:14  SCV, Missile Turret  
  131  9:16  Supply Depot  
  132  9:19  SCV  
  132  9:22  Marine  
  134  9:27  Marine x2  
  134  9:31  Widow Mine, Marine x3  
  137  9:32  Marine x2  
  141  9:40  Marine  
  144  9:46  SCV  
  143  9:59  Missile Turret  
Show
View Real Time Build Order
Export as new Build Order

ABrAKaNaBrA Zerg 

Build Orders: Hatch First, Muta Ling Bane 

Get SALT Encoding   

  12  0:02  Drone  
  13  0:13  Overlord  
  13  0:20  Drone  
  14  0:34  Drone x2  
  16  0:36  Drone  
  17  0:55  Hatchery  
  17  0:56  Drone  
  17  1:00  Drone  
  18  1:10  Drone, Extractor  
  18  1:18  Spawning Pool  
  17  1:20  Drone  
  18  1:33  Drone  
  19  1:41  Overlord  
  19  1:56  Drone  
  20  2:05  Zergling x2  
  20  2:06  Queen  
  20  2:07  Queen  
  20  2:08  Drone  
  26  2:12  Zergling x2  
  27  2:16  Metabolic Boost  
  27  2:21  Drone  
  28  2:35  Drone x3  
  30  2:42  Overlord, Queen  
  31  3:01  Hatchery, Drone x4  
  34  3:08  Zergling x2  
  35  3:21  Overlord  
  35  3:22  Drone  
  35  3:25  Overlord  
  36  3:32  Overlord  
  36  3:42  Overlord  
  36  3:45  Drone x6  
  42  3:49  Queen  
  42  3:52  Drone x2  
  42  3:53  Drone x3  
  49  4:03  Evolution Chamber  
  49  4:04  Drone x2  
  49  4:06  Evolution Chamber  
  49  4:07  Baneling Nest  
  49  4:09  Overlord  
  48  4:18  Drone x5  
  48  4:23  Drone x2  
  55  4:25  Extractor  
  55  4:27  Extractor  
  55  4:28  Drone  
  55  4:29  Drone x3  
  57  4:36  Overlord  
  57  4:51  Overlord  
  57  4:53  Spore Crawler  
  57  4:55  Zergling x16  
  64  5:00  Zerg Melee Weapons Level 1  
  64  5:14  Drone x4  
  64  5:17  Drone x2, Extractor  
  64  5:18  Spore Crawler  
  64  5:19  Lair  
  68  5:25  Zergling x12  
  68  5:26  Zergling x4  
  76  5:29  Drone  
  76  5:31  Baneling x7  
  76  5:32  Baneling  
  76  5:33  Overlord  
  77  5:36  Drone x4  
  77  5:37  Spore Crawler  
  77  5:39  Overlord  
  77  5:59  Zergling x18  
  80  6:11  Zergling x2  
  80  6:12  Zergling x10  
  80  6:17  Zergling x2  
  80  6:18  Zergling x2  
  75  6:30  Zergling x2  
  75  6:31  Zergling x6  
  78  6:39  Drone x4  
  80  6:50  Overlord  
  80  6:52  Centrifical Hooks  
  80  6:53  Spire  
  80  6:54  Zerg Ground Armor Level 1  
  77  6:56  Extractor  
  77  6:58  Drone x4, Extractor  
  77  7:01  Baneling x4  
  79  7:06  Overlord  
  79  7:09  Drone x3  
  82  7:24  Zergling x18  
  82  7:27  Baneling x10  
  85  7:35  Zergling x8  
  85  7:36  Queen  
  90  7:48  Zergling x2  
  90  7:49  Zergling x4  
  90  7:51  Baneling x12  
  92  7:53  Overseer  
  92  7:57  Drone x2  
  94  8:01  Drone x2  
  94  8:02  Drone x2  
  98  8:07  Pneumatized Carapace  
  98  8:09  Mutalisk x4  
  98  8:12  Overseer  
  90  8:31  Zergling x14  
  90  8:32  Zergling x4  
  94  8:36  Baneling x2  
  92  8:44  Mutalisk x3  
  95  8:51  Zergling x6  
  95  8:53  Overlord x3  
  95  8:55  Baneling x6  
  95  8:56  Baneling x2  
  95  9:00  Overlord  
  95  9:03  Overlord  
  95  9:04  Hatchery  
  95  9:07  Infestation Pit  
  93  9:12  Mutalisk x2  
  93  9:15  Zergling x10  
  93  9:16  Zergling x6  
  105  9:23  Zergling x2  
  105  9:24  Zergling x6  
  103  9:39  Zergling x4  
  103  9:40  Zergling x14  
Tags
 
Add a new tag
Caveats
  • Supply blocks, unpowered buildings, or Contaminate may cause inaccurate times.
  • Supply counts are checked every 10 seconds.